 Dungeon Crawl Stone Soup version 0.29.1-13-g9f3cf754e1 (webtiles) character file.

Game seed: 16408932633075139867

46 Thatpatchoflichen the Ducker (level 3, -3/28 HPs)
             Began as a Demonspawn Gladiator on Feb 5, 2023.
             Killed from afar by Ijyb (9 damage)
             ... with a puff of flame
             ... on level 3 of the Dungeon.
             The game lasted 00:04:22 (3180 turns).

Thatpatchoflichen the Ducker (Demonspawn Gladiator) Turns: 3180, Time: 00:04:22

Health: -3/28      AC:  4    Str: 14    XL:     3   Next: 46%
Magic:  3/3        EV: 12    Int:  9    God:
Gold:   138        SH:  0    Dex: 16    Spells: 2/2 levels left

rFire   . . .      SeeInvis .   a - +0 long sword
rCold   . . .      Faith    .   (no shield)
rNeg    . . .      Spirit   .   b - +0 leather armour
rPois   .          Reflect  .   c - +0 helmet
rElec   .          Harm     .   (no cloak)
rCorr   .          Rampage  .   (no gloves)
Will    .....                   (no boots)
Stlth   +.........              (no amulet)
HPRegen 0.09/turn               (no ring)
MPRegen 0.08/turn               (no ring)

@: no status effects
A: demonic magic 2
a: no special abilities


You were on level 3 of the Dungeon.
You visited 1 branch of the dungeon, and saw 3 of its levels.

You collected 138 gold pieces.

Inventory:

Hand Weapons
 a - a +0 long sword (weapon)
Missiles
 d - 3 throwing nets (quivered)
 e - a javelin
Armour
 b - a +0 leather armour (worn)
 c - a +0 helmet (worn)
 f - a +0 scale mail
Wands
 q - a wand of flame (7)
Scrolls
 g - a scroll of immolation {unknown}
 i - a scroll of identify {unknown}
 m - 2 scrolls of fear {unknown}
 o - a scroll of enchant weapon {unknown}
 p - 2 scrolls of noise {unknown}
Potions
 h - a potion of haste {unknown}
 j - 2 potions of curing {unknown}
 k - a potion of heal wounds {unknown}
 l - a potion of magic {unknown}
 n - a potion of flight {unknown}


   Skills:
 + Level 2.7 Fighting
 + Level 3.2 Long Blades
 - Level 1.7 Throwing
 + Level 3.2 Dodging
 + Level 0.1 Spellcasting


You had 2 spell levels left.
You didn't know any spells.
Your spell library contained the following spells:

 Spells                   Type           Power      Damage    Failure   Level
 Summon Small Mammal      Summ           0%         N/A       45%         1
 Call Canine Familiar     Summ           0%         N/A       83%         3
 Summon Guardian Golem    Hex/Summ       0%         N/A       83%         3
 Summon Lightning Spire   Summ/Air       0%         N/A       99%         4
 Storm Form               Tmut/Air       0%         N/A       100%        7
 Maxwell's Capacitive Co  Air            0%         ∞         100%        8


Dungeon Overview and Level Annotations

Branches:
Dungeon (3/15)

Altars:
Qazlal

Shops:
D:2 !

Annotations:
D:3 Ijyb


Innate Abilities, Weirdness & Mutations

Spells you cast may paralyse nearby enemies.


Message History

The rat closely misses you. The rat attacks as you move away!
The rat bites you.
There is a stone staircase leading up here.
You hit the rat.
You kill the rat!
You climb upwards.
There is a stone staircase leading down here.
You start resting.
HP restored.
You climb downwards.
Level annotation: Ijyb
There is a stone staircase leading up here.
You hit Ijyb.
Ijyb is lightly wounded.
Ijyb zaps a wand.
The puff of flame hits you.
Ijyb zaps a wand.
The puff of flame hits you.
You closely miss Ijyb.
Ijyb is lightly wounded.
Ijyb hits you with a +0 dagger.
You closely miss Ijyb.
Ijyb is lightly wounded.
Ijyb zaps a wand.
The puff of flame hits you.
You hit Ijyb but do no damage.
Ijyb is lightly wounded.
Ijyb screams, "I dance on your bones!" Ijyb hits you with a +0 dagger.
* * * LOW HITPOINT WARNING * * *
You closely miss Ijyb.
Ijyb is lightly wounded.
Ijyb hits you with a +0 dagger.
* * * LOW HITPOINT WARNING * * *
Ijyb hits you with a +0 dagger.
* * * LOW HITPOINT WARNING * * *
You barely miss Ijyb.
Ijyb is lightly wounded.
Ijyb completely misses you.
You hit Ijyb.
Ijyb is lightly wounded.
Ijyb zaps a wand.
The puff of flame hits you!
You die...

#.#..... ..#.......
#.#....####.#.##....
#.#....+..#.#......#
#.#....##.#.#......#
#.#.....g...+.......
###.#.#+#.#.#.#....###
#.....#...#.#.####...>
#.#.#g#####.#.# #####
#.#.#@......#.# # #
#.#########.########
#.. ................
### ########......g.
............
####........ #........
### #........ ..#
######.##


You could see Ijyb.

Vanquished Creatures
  An adder (D:2)
  A worm (D:3)
  2 dart slugs (D:2)
  3 ball pythons
  3 endoplasms
  2 giant cockroaches (D:2)
  3 goblins
  2 hobgoblins (D:1)
  2 jackals (D:1)
  3 kobolds
  2 bats
  2 frilled lizards (D:1)
  2 rats
28 creatures vanquished.

Notes
Turn   | Place    | Note
-------+----------+-------------------------------------------
     0 | D:1      | Thatpatchoflichen the Demonspawn Gladiator began the quest
                  | for the Orb.
     0 | D:1      | Reached XP level 1. HP: 16/16 MP: 1/1
   493 | D:1      | Gained mutation: Spells you cast may paralyse adjacent
                  | enemies. [demonic ancestry]
   493 | D:1      | Reached XP level 2. HP: 20/22 MP: 2/2
  1534 | D:2      | Found Lurat's Distillery.
  1549 | D:2      | Gained mutation: Spells you cast may paralyse nearby
                  | enemies. [demonic ancestry]
  1549 | D:2      | Reached XP level 3. HP: 12/28 MP: 3/3
  1839 | D:2      | Found a faded altar of an unknown god.
  1940 | D:2      | Found a stormy altar of Qazlal.
  2971 | D:3      | Noticed Ijyb
  3180 | D:3      | Killed from afar by Ijyb

Illustrated notes

Levels and vault maps discovered:
D:1:      erik_arrival_orb_chamber, layout_basic, serial_forest,
          infiniplex_forest_lined_room_, infiniplex_forest_corner_1,
          infiniplex_forest_lined_4_way, infiniplex_forest_lined_ring,
          minmay_splitting_lines, minmay_misc_feat_pillars,
          minmay_misc_feat_tower
D:2:      layout_basic, serial_shops, shop, dilly_ecumenical_altar_fadedgnrine,
          basic_altar
D:3:      layout_basic, mainiacjoe_overflow_24_doors, eino_tiny_chamber,
          uniq_ijyb

Skill      XL: |  1  2 |
---------------+-------+-----
Long Blades    | 3 |  3.2
Dodging        | 3 |  3.2
Fighting       | |  2.7
Throwing       | |  1.7
Spellcasting   | |  0.1

Action                   || total
-------------------------++-------
Melee: Long sword        ||    91
Armor: Leather armour    ||    44
Dodge: Dodged            ||    83
